AoeStats
← 对魔忍

Arabia

510615471Analyzed
2v2 RM · 1d ago on Oct 1, 2026· 70m 25s· 4 players
Game mode
Random Map
Map size
Medium (4 player)
Population
200
Speed
Normal
Resources
Standard
Victory
Conquest
Starting age
Dark Age
Ending age
Imperial Age
RankedLock teamsTeams togetherTeam positionsShared explorationLock speedFull tech treeHidden civsTurbo modeCheats
Victory
Defeat
🇮🇳 Huns · India
1026
+17
🇨🇳 Khmer · China
1000
+55
🇬🇧 Danes · United Kingdom
1054
-18
🇬🇧 Armenians · United Kingdom
1051
-17
findingmontoo7
6:36 Loom
9:34 Feudal Age
10:25 Double-Bit Axe
10:27 Horse Collar
16:36 Wheelbarrow
21:25 Castle Age
19:34 Fletching
20:13 Padded Archer Armor
21:05 Gold Mining
22:00 Bloodlines
22:18 Bow Saw
22:07 Bodkin Arrow
24:01 Husbandry
25:30 Hand Cart
27:27 Thumb Ring
30:42 Leather Archer Armor
33:49 Gold Shaft Mining
34:13 Ballistics
34:36 Town Watch
37:00 Heavy Plow
39:59 Imperial Age
40:42 Bracer
40:03 Heavy Cavalry Archer
42:33 Chemistry
42:52 Parthian Tactics
46:10 Conscription
49:08 Scale Barding Armor
49:53 Forging
49:23 Light Cavalry
50:05 Hussar
51:31 Chain Barding Armor
54:51 Plate Barding Armor
56:57 Iron Casting
60:01 Blast Furnace
61:12 Capped Ram
63:33 Siege Ram
对魔忍
5:30 Loom
10:54 Feudal Age
20:00 Castle Age
19:55 Double-Bit Axe
19:56 Horse Collar
21:03 Gold Mining
24:43 Sanctity
25:20 Bow Saw
26:26 Redemption
30:30 Wheelbarrow
30:36 Gold Shaft Mining
31:30 Fervor
33:10 Hand Cart
33:40 Town Watch
41:10 Imperial Age
41:17 Fletching
41:23 Stone Mining
42:02 Capped Ram
42:54 Siege Ram
43:59 Conscription
47:05 Onager
50:14 Man-at-Arms
50:39 Arson
55:50 Ballistics
56:31 Chemistry
55:38 Bodkin Arrow
55:44 Padded Archer Armor
58:30 Tusk Swords
58:52 Leather Archer Armor
59:39 Elite Ballista Elephant
62:21 Double Crossbow
64:19 Bracer
69:08 Caravan
Superpen
9:44 Feudal Age
8:00 Loom
11:47 Double-Bit Axe
16:20 Fletching
17:10 Pikeman
19:47 Wheelbarrow
19:33 Gold Mining
20:12 Horse Collar
25:07 Castle Age
24:40 Padded Archer Armor
25:12 Crossbowman
25:18 Crossbowman
26:43 Bow Saw
27:09 Gold Shaft Mining
29:35 Hand Cart
30:21 Ballistics
30:05 Bodkin Arrow
35:43 Leather Archer Armor
36:36 Heavy Plow
39:10 Elite Skirmisher
42:28 Imperial Age
39:44 Town Watch
42:21 Gambesons
41:57 Halberdier
42:37 Squires
42:23 Arson
41:59 Man-at-Arms
42:36 Elite Composite Bowman
43:54 Hoardings
42:41 Arbalester
43:23 Bracer
43:53 Ring Archer Armor
44:26 Chemistry
44:23 Conscription
45:08 Elite Skirmisher
45:47 Long Swordsman
48:26 Forging
48:17 Scale Mail Armor
52:17 Fereters
52:33 Conscription
52:54 Two-Handed Swordsman
53:50 Champion
58:27 Masonry
58:28 Fortified Wall
60:40 Iron Casting
60:05 Murder Holes
The Heerynator
7:12 Loom
8:16 Loom
10:01 Feudal Age
11:15 Double-Bit Axe
17:38 Horse Collar
23:14 Castle Age
22:08 Gold Mining
22:46 Scale Mail Armor
22:57 Forging
26:50 Squires
28:07 Bow Saw
28:02 Heavy Plow
29:58 Gambesons
30:32 Chain Mail Armor
31:37 Wheelbarrow
33:16 Town Watch
34:30 Elite Skirmisher
35:56 Iron Casting
38:16 Arson
37:54 Hamask
40:17 Hand Cart
43:58 Pikeman
55:33 Fletching
61:04 Padded Archer Armor
65:03 Leather Archer Armor
64:43 Bodkin Arrow
Connection lost

Rejoining the realm…

Still unreachable

The connection could not be restored.

Session expired

The server has moved on; the page needs a fresh start.